 Dungeon Crawl Stone Soup version 0.30.0-19-g36f170ea60 (webtiles) character file.

Game seed: 14714866560248064997

156 Peloso the Shield-Bearer (level 5, -2/47 HPs)
             Began as a Minotaur Fighter on June 1, 2023.
             Slain by Menkaure (16 damage)
             ... on level 4 of the Dungeon.
             The game lasted 00:07:12 (2062 turns).

Peloso the Shield-Bearer (Minotaur Fighter)         Turns: 2062, Time: 00:07:13

Health: -2/47      AC: 18    Str: 21    XL:     5   Next: 14%
Magic:  4/4        EV:  8    Int:  8    God:
Gold:   133        SH: 12    Dex: 11    Spells: 4/4 levels left

rFire   . . .        a - +1 falchion (protect)
rCold   . . .        d - +0 tower shield
rNeg    . . .        i - +3 ring mail of Okawaru's Outrage {Int+3}
rPois   .            (helmet restricted)
rElec   .            l - +0 cloak
rCorr   .            g - +0 pair of gloves
SInv    .            (no boots)
Will    .....        (no amulet)
Stlth   +            (no ring)
HPRegen 0.27/turn    (no ring)
MPRegen 0.09/turn

%: no passive effects
@: under a protective aura
A: horns 2, retaliatory headbutt
a: no special abilities


You were on level 4 of the Dungeon.
You visited 1 branch of the dungeon, and saw 4 of its levels.

You collected 203 gold pieces.
You spent 70 gold pieces at shops.

Inventory:

Hand Weapons
 a - a +1 falchion of protection (weapon)
 c - a +0 long sword
Missiles
 f - 2 throwing nets (quivered)
Armour
 b - a +0 scale mail
 d - a +0 tower shield (worn)
 g - a +0 pair of gloves (worn)
 i - the +3 ring mail of Okawaru's Outrage (worn) {Int+3}
   (You found it on level 2 of the Dungeon)

   Int:       It affects your intelligence (+3).
 l - a +0 cloak (worn)
Jewellery
 j - a ring of ice
 k - an amulet of faith
Scrolls
 h - 2 scrolls of magic mapping
 m - 3 scrolls of poison {unknown}
 n - a scroll of torment {unknown}
 o - a scroll of amnesia {unknown}
 q - a scroll of acquirement {unknown}
 r - a scroll of blinking {unknown}
 t - 3 scrolls of enchant armour {unknown}
 u - a scroll of teleportation {unknown}
Potions
 e - a potion of might
 p - a potion of resistance
 s - a potion of flight


   Skills:
 + Level 4.5 Fighting
 + Level 3.7 Long Blades
 + Level 4.5 Armour
 + Level 1.2 Dodging
 + Level 0.2 Stealth
 + Level 4.7 Shields


You had 4 spell levels left.
You didn't know any spells.
Your spell library was empty.

Dungeon Overview and Level Annotations

Branches:
Dungeon (4/15)
 Temple: D:4-7

Altars:

Shops:
D:2 *[[[!

Annotations:
D:4 Menkaure


Innate Abilities, Weirdness & Mutations

You have a pair of horns on your head.
You reflexively headbutt those who attack you in melee.


Message History

You kill the gnoll!
The gnoll hits you but does no damage. You block the gnoll's attack.
You have reached level 5!
You hit the gnoll but do no damage. The gnoll hits you but does no damage.
You closely miss the gnoll. You block the gnoll's attack.
The gnoll barely misses you. You furiously retaliate!
You headbutt the gnoll. You hit the gnoll.
The gnoll is moderately wounded.
You block the gnoll's attack.
You hit the gnoll. Your headbutt misses the gnoll.
The gnoll is almost dead.
You block the gnoll's attack.
You hit the gnoll.
You kill the gnoll!
You see here a +0 club.
f - 2 throwing nets
Things that are here:
a +0 spear; a gnoll corpse HP restored.
Found a stone staircase leading down.
There is a stone staircase leading down here.
Found a spear.
You see here a +0 spear.
Menkaure, Prince of Dust comes into view.
Menkaure shouts!
You see here a scroll labelled MERETU FIOPT.
You hit Menkaure but do no damage.
Your weapon exudes an aura of protection.
Menkaure casts a spell.
Menkaure seems to speed up.
You hit Menkaure but do no damage.
Menkaure calls on the powers of darkness!
Your body is wracked with pain!
Menkaure calls on the powers of darkness!
Your body is wracked with pain!
* * * LOW HITPOINT WARNING * * *
You hit Menkaure.
Menkaure is lightly damaged.
Menkaure hits you!
You die...

#..#.......#
#..#######.#
#..#######.#
#........#)#
###
#.######.#.#
..# #.# #.#
..#####.####
#.#
.......>...#
#.#
..#####.##.#
#@#
..#####.##.#
#M#
))'.......
#.#
..#####.#####
#.#
...).........
...
)######.#####
###
..........
#######. ##
...#


You could see Menkaure (fast).

Vanquished Creatures
  Jessica (D:3)
  Ijyb (D:3)
  3 gnolls (D:4)
  2 dart slugs
  An orc (D:4)
  9 endoplasms
  4 giant cockroaches
  5 goblins
  3 hobgoblins
  3 jackals (D:3)
  5 kobolds
  4 quokkas
  4 ball pythons
  7 bats
  5 frilled lizards
  11 rats
68 creatures vanquished.

Notes
Turn   | Place    | Note
-------+----------+-------------------------------------------
     0 | D:1      | Peloso the Minotaur Fighter began the quest for the Orb.
     0 | D:1      | Reached XP level 1. HP: 19/19 MP: 0/0
    75 | D:1      | Reached XP level 2. HP: 18/27 MP: 1/1
   220 | D:1      | Found a faded altar of an unknown god.
   368 | D:1      | Reached XP level 3. HP: 33/33 MP: 2/2
   556 | D:2      | Found Zairuiss's Antique Armour Emporium.
   578 | D:2      | Identified the +3 ring mail of Okawaru's Outrage {Int+3}
   689 | D:2      | Found West's Distillery.
   748 | D:2      | Found Vaetuig's Antique Armour Shoppe.
   855 | D:2      | Found Wid Xume's Antique Armour Shoppe.
  1138 | D:2      | Found Suada's Assorted Antiques.
  1141 | D:2      | Bought a clear potion for 16 gold pieces
  1141 | D:2      | Bought a scroll labelled FUG ZAORAORGHA for 18 gold pieces
  1149 | D:2      | Bought 2 scrolls labelled IXOQUC HONN for 36 gold pieces
  1328 | D:3      | Reached XP level 4. HP: 41/41 MP: 3/3
  1369 | D:3      | Noticed Jessica
  1379 | D:3      | Killed Jessica
  1488 | D:3      | Noticed Ijyb
  1504 | D:3      | HP: 1/41 [Ijyb/bolt of light (16)]
  1515 | D:3      | Killed Ijyb
  1922 | D:4      | Reached skill level 1 in Dodging
  1933 | D:4      | Reached XP level 5. HP: 25/47 MP: 4/4
  2056 | D:4      | Noticed Menkaure
  2062 | D:4      | Slain by Menkaure

Illustrated notes

Levels and vault maps discovered:
D:1:      dpeg_arrival_orchard, layout_rooms,
          hellmonk_ecumenical_altar_crossroads
D:2:      layout_basic, serial_shops, shop, shop_fountains,
          nicolae_shop_behind_doors, nicolae_shop_stone, shop,
          minmay_heptomino_w4
D:3:      layout_rooms, uniq_ijyb, uniq_jessica
D:4:      layout_basic, nicolae_dithmenos_the_darkroom, uniq_menkaure

Skill      XL: |  1  2  3  4 |
---------------+-------------+-----
Armour         | 4 |  4.5
Shields        | 4 |  4.7
Fighting       | 4 |  4.5
Long Blades    | 3 |  3.7
Dodging        | 1 |  1.2
Stealth        | |  0.2

Action                     |  1- 3 |  4- 6 || total
---------------------------+-------+-------++-------
  Melee: Long sword        |    24 |       ||    24
         Headbutt          |    20 |    10 ||    30
         Falchion          |    79 |    51 ||   130
    Use: Scroll            |     3 |     2 ||     5
         Potion            |       |     2 ||     2
 Armour: Scale mail        |    49 |       ||    49
         Ring mail         |    29 |    19 ||    48
  Dodge: Dodged            |    62 |    10 ||    72
  Block: Buckler           |    18 |       ||    18
         Tower shield      |    36 |    34 ||    70
